 Dungeon Crawl Stone Soup version 0.31-a0-844-gdc52ec4e09 (webtiles) character file.

Game seed: 11210395429544370596

830 Kurtz the Cleaver (level 7, -14/46 HPs)
             Began as an Octopode Fighter on Oct 1, 2023.
             Demolished by an ogre
             ... wielding a +0 giant spiked club
              (29 damage)
             ... on level 5 of the Dungeon.
             The game lasted 00:02:58 (4335 turns).

Kurtz the Cleaver (Octopode Fighter)                Turns: 4335, Time: 00:02:59

Health: -14/46     AC:  1    Str: 17    XL:     7   Next: 97%
Magic:  7/7        EV: 18    Int: 10    God:
Gold:   38         SH:  4    Dex: 12    Spells: 6/6 levels left

rFire   . . .        a - +0 war axe
rCold   . . .        b - +0 buckler
rNeg    . . .        (helmet restricted)
rPois   .            k - amulet of faith
rElec   .            g - +5 ring of evasion
rCorr   .            m - ring of see invisible
SInv    +            (no ring)
Will    .....        (no ring)
Stlth   ++           (no ring)
HPRegen 0.27/turn    (no ring)
MPRegen 0.10/turn    (no ring)
                     (no ring)

%: faith
@: no status effects
A: almost no armour, amphibious, 8 rings, camouflage 1, gelatinous body 1,
(nimble swimmer 1), tentacles
a: no special abilities


You were on level 5 of the Dungeon.
You visited 1 branch of the dungeon, and saw 5 of its levels.

You collected 234 gold pieces.
You spent 196 gold pieces at shops.

Inventory:

Hand Weapons
 a - a +0 war axe (weapon)
Missiles
 h - 4 javelins (quivered)
 r - 3 poisoned darts
Armour
 b - a +0 buckler (worn)
Jewellery
 e - an amulet of magic regeneration
 g - a +5 ring of evasion (left tentacle)
 k - an amulet of faith (around mantle)
 m - a ring of see invisible (right tentacle)
Scrolls
 d - 4 scrolls of fog
 j - a scroll of torment {unknown}
 l - 2 scrolls of noise
 n - 4 scrolls of identify
 o - 2 scrolls of revelation {unknown}
 u - a scroll of teleportation
 v - a scroll of fear
 x - a scroll of silence {unknown}
Potions
 c - a potion of might
 f - 2 potions of brilliance {unknown}
 i - a potion of resistance {unknown}
 p - 2 potions of curing {unknown}
 q - a potion of heal wounds {unknown}
 s - a potion of attraction {unknown}
 t - 2 potions of mutation {unknown}
 w - a potion of lignification {unknown}


   Skills:
 - Level 3.0 Fighting
 * Level 8.9 Axes
 - Level 3.0 Dodging
 - Level 3.0 Shields


You had 6 spell levels left.
You didn't know any spells.
Your spell library contained the following spells:

 Spells                   Type           Power      Damage    Failure   Level
 Summon Small Mammal      Summ           0%         N/A       43%         1
 Call Canine Familiar     Summ           0%         N/A       82%         3
 Summon Guardian Golem    Hex/Summ       0%         N/A       82%         3


Dungeon Overview and Level Annotations

Branches:
Dungeon (5/15)
 Temple: D:4-7

Altars:
Fedhas
Qazlal

Shops:
D:4 [=?


Innate Abilities, Weirdness & Mutations

You cannot wear most types of armour.
You are amphibious.
You can wear up to eight rings at the same time.
Your skin changes colour to match your surroundings (Stealth+).
Your rubbery body absorbs attacks. (AC +1, EV +1)
((You are camouflaged when in or above water. (Stealth+)))
You have tentacles for arms and can constrict up to eight enemies at once.


Message History

You completely miss the hornet. You squeeze the hornet!
The hornet is heavily wounded.
You constrict the hornet. The hornet barely misses you.
You block the hornet's attack.
You completely miss the hornet.
The hornet is severely wounded.
You constrict the hornet, but do no damage.
The hornet completely misses you. The hornet stings you!
You feel yourself slow down.
You slash the hornet!
You kill the hornet!
You start resting.
You feel yourself speed up.
You start resting.
You feel a little less mighty now.
HP restored.
h - 4 javelins (gained 1)
h - 5 javelins (gained 1)
You enter the shallow water.
You enter the shallow water.
You enter the shallow water.
You enter the shallow water.
You now have 38 gold pieces (gained 15).
You enter the shallow water.
Found a spear.
An ogre comes into view. It is wielding a +0 giant spiked club.
An ogre is nearby!
Throw: 5 javelins
Press: ? - help, Q - select action, (/) - cycle Shift-Dir - straight line, f - ogre
Aim: an ogre, wielding a +0 giant spiked club (71% to hit)
You throw a javelin. The javelin barely misses the ogre.
The ogre hits you with a +0 giant spiked club!!
Ouch! That really hurt!
You barely miss the ogre. Your squeeze misses the ogre.
Unknown command.
You barely miss the ogre. You squeeze the ogre!
The ogre is moderately wounded.
The ogre hits you with a +0 giant spiked club!!
Ouch! That really hurt!
You die...

♣~~♣♣♣♣♣# #........
♣~♣♣ #.......# ♣~♣♣♣#
##...#..## P~~♣.##
#...###.# ♣.♣♣..#
##..## #.#
#.###.###...####.#
..###..#.........###.#
..........###........#
#...#.....# ####@###.#
..###....## #O# .##
##...# #.# # #.....
.(. ....... ..#..
..........## #.#
.#.....#.# .# .. .# ..
#


You could see an ogre.

Vanquished Creatures
  A hornet (D:5)
  A water moccasin (D:5)
  A black bear (D:4)
  An ogre (D:5)
  A scorpion (D:5)
  2 hounds
  A jelly (D:5)
  An orc priest (D:5)
  Robin (D:2)
  4 adders
  3 gnolls (D:2)
  A white imp (D:5)
  2 worms (D:3)
  3 dart slugs
  3 orcs (D:5)
  5 ball pythons
  3 endoplasms
  5 giant cockroaches
  15 goblins
  10 hobgoblins
  4 jackals (D:1)
  2 quokkas
  6 bats
  5 frilled lizards
  6 kobolds
  4 rats
91 creatures vanquished.

Vanquished Creatures (others)
  A hobgoblin (D:2)
1 creature vanquished.

Grand Total: 92 creatures vanquished

Notes
Turn   | Place    | Note
-------+----------+-------------------------------------------
     0 | D:1      | Kurtz the Octopode Fighter began the quest for the Orb.
     0 | D:1      | Reached XP level 1. HP: 16/16 MP: 1/1
   157 | D:1      | Reached XP level 2. HP: 21/21 MP: 2/2
   279 | D:1      | Reached skill level 3 in Axes
   491 | D:1      | Reached XP level 3. HP: 26/26 MP: 3/3
   751 | D:2      | Noticed Robin
  1083 | D:2      | Reached skill level 4 in Axes
  1140 | D:2      | Killed Robin
  1141 | D:2      | Reached XP level 4. HP: 23/31 MP: 4/4
  1992 | D:3      | Found a faded altar of an unknown god.
  2139 | D:3      | Reached skill level 5 in Axes
  2208 | D:3      | Reached XP level 5. HP: 36/36 MP: 5/5
  2269 | D:3      | Found a blossoming altar of Fedhas.
  2283 | D:3      | Found a stormy altar of Qazlal.
  2736 | D:4      | Noticed a black bear
  2745 | D:4      | Killed a black bear
  2746 | D:4      | Reached skill level 6 in Axes
  2746 | D:4      | Reached XP level 6. HP: 23/42 MP: 6/6
  2994 | D:4      | Found Kiezal's Jewellery Shop.
  3083 | D:4      | Found Niyngoot's Antique Armour Emporium.
  3212 | D:4      | Found Gixziem's Magic Scroll Emporium.
  3265 | D:4      | Bought a scroll of teleportation for 42 gold pieces
  3265 | D:4      | Bought a scroll of noise for 14 gold pieces
  3265 | D:4      | Bought a scroll of fear for 56 gold pieces
  3265 | D:4      | Bought a scroll of fog for 56 gold pieces
  3265 | D:4      | Bought a scroll of identify for 28 gold pieces
  3461 | D:5      | Entered Level 5 of the Dungeon
  3581 | D:5      | Reached skill level 7 in Axes
  3581 | D:5      | Reached XP level 7. HP: 34/46 MP: 7/7
  4026 | D:5      | Reached skill level 8 in Axes
  4111 | D:5      | Noticed a hornet
  4118 | D:5      | Killed a hornet
  4335 | D:5      | Demolished by an ogre

Illustrated notes

Levels and vault maps discovered:
D:1:      dpeg_arrival_pits, layout_loops_ring
D:2:      layout_basic, lemuel_flame_loot_1, uniq_robin
D:3:      layout_loops_cross, grunt_temple_overflow_forces_of_nature,
          hellmonk_ecumenical_altar_leap_of_faith, minmay_cut_off
D:4:      layout_basic, serial_shops, shop, shop, kennysheep_little_box,
          serial_rivers, chequers_serial_rivers_micro_e,
          chequers_serial_rivers_small_a, chequers_serial_rivers_micro_d,
          chequers_serial_rivers_marsh, chequers_serial_rivers_room_b,
          chequers_serial_rivers_large_b, eino_tiny_chamber
D:5:      layout_layer_cave, serial_bayou_crossing, uniq_duvessa

Skill      XL: |  1  2  3  4  5  6  7 |
---------------+----------------------+-----
Axes           | 3 4 5 6 7 8 |  8.9
Fighting       | |  3.0
Dodging        | |  3.0
Shields        | |  3.0

Action                     |  1- 3 |  4- 6 |  7- 9 || total
---------------------------+-------+-------+-------++-------
  Melee: War axe           |    72 |    82 |    19 ||   173
         Constrict         |    21 |    21 |     4 ||    46
         Tentacles         |    12 |    11 |     5 ||    28
         Punch             |       |     2 |       ||     2
  Throw: Javelin           |       |     6 |     3 ||     9
    Use: Potion            |       |       |     1 ||     1
   Stab: Sleeping          |     4 |     9 |       ||    13
 Armour: Skin              |    27 |    32 |     9 ||    68
  Dodge: Dodged            |    50 |    54 |    14 ||   118
  Block: Buckler           |    12 |    15 |     6 ||    33

Table legend: (Time is in decaauts)
 A = Elapsed time spent in this place.
 B = Non-inter-level travel time spent in this place.
 C = Inter-level travel time spent in this place.
 D = Time resting spent in this place.
 E = Time spent auto-exploring this place.
 F = Levels seen in this place.
 G = Mean time per level.
                   A        B        C        D        E       F      G
               +--------+--------+--------+--------+--------+-----+--------+
         Total |   4392 |   4275 |    117 |    398 |   3293 |   5 |  878.4 |
       Dungeon |   4392 |   4275 |    117 |    398 |   3293 |   5 |  878.4 |
               +--------+--------+--------+--------+--------+-----+--------+

Top non-repeatable levels by time:
     D:2: 1174 daAuts
     D:5: 884 daAuts
     D:3: 826 daAuts
     D:4: 761 daAuts
     D:1: 745 daAuts
